 Dungeon Crawl Stone Soup version 0.24-a0-516-g9de272bb65 (webtiles) character file.

Game seed: 15009695418416526771

54 Azzok the Magician (level 3, -5/19 HPs)
             Began as a Deep Elf Earth Elementalist on July 21, 2019.
             Slain by a sky beast (6 damage)
             ... on level 2 of the Dungeon.
             The game lasted 00:02:01 (1954 turns).

Azzok the Magician (Deep Elf Earth Elementalist)    Turns: 1954, Time: 00:02:02

Health: -5/19      AC:  3    Str:  5    XL:     3   Next: 66%
Magic:  7/10       EV: 13    Int: 20    God:
Gold:   90         SH:  0    Dex: 15    Spells: 6/10 levels left

rFire    . . .     SeeInvis .   (no weapon)
rCold    . . .     Gourm    .   (no shield)
rNeg     . . .     Faith    .   c - +0 robe
rPois    .         Spirit   .   m - +0 helmet
rElec    .         Reflect  .   (no cloak)
rCorr    .         Harm     .   (no gloves)
MR       .....                  (no boots)
Stlth    ++........             (no amulet)
HPRegen  0.06/turn              (no ring)
MPRegen  0.12/turn              (no ring)

@: no status effects
A: no striking features
a: no special abilities


You were on level 2 of the Dungeon.
You were not hungry.

You visited 1 branch of the dungeon, and saw 2 of its levels.

You collected 90 gold pieces.

Inventory:

Missiles
 b - 48 stones (quivered)
Armour
 c - a +0 robe (worn)
 m - a +0 helmet (worn)
Jewellery
 j - a +4 ring of evasion {unknown}
Scrolls
 a - 2 scrolls of blinking {unknown}
 e - a scroll of immolation {unknown}
 f - a scroll of amnesia {unknown}
 g - 3 scrolls of identify {unknown}
 i - a scroll of noise {unknown}
 k - 2 scrolls of remove curse {unknown}
 l - a scroll of teleportation {unknown}
Potions
 h - a potion of cancellation {unknown}
Comestibles
 d - 4 rations


   Skills:
 - Level 2.4 Dodging
 - Level 2.4 Stealth
 + Level 4.3 Spellcasting
 + Level 1.0 Conjurations
   Level 1.1 Transmutations
 + Level 4.2 Earth Magic


You had 6 spell levels left.
You knew the following spells:

 Your Spells              Type           Power        Failure   Level  Hunger
a - Sandblast             Erth           ###...       2%          1    None
b - Stone Arrow           Conj/Erth      ##....       13%         3    ###....

Your spell library contained the following spells:

 Spells                   Type           Power        Failure   Level  Hunger
 Passwall                 Tmut/Erth      ###.....     6%          2    #......
 Petrify                  Tmut/Erth      ###.....     38%         4    ####...
 Lee's Rapid Deconstruct  Erth           ###.......   52%         5    ######.


Dungeon Overview and Level Annotations

Branches:
Dungeon (2/15)

Altars:
Nemelex Xobeh
The Shining One


Message History

Something hits you. Something shocks you.
* * * LOW HITPOINT WARNING * * *
Casting: Sandblast (safe; 2% risk of failure)
Confirm with . or Enter, or press ? or * to list all spells.
You can't see any susceptible monsters within range! (Use Z to cast anyway.)
A sky beast appears from thin air!
Reactivating autopickup.
There is a stone staircase leading down here.
Casting: Sandblast (safe; 2% risk of failure)
Confirm with . or Enter, or press ? or * to list all spells.
Aiming: Sandblast (safe; 2% risk of failure)
Press: ? - help, Shift-Dir - straight line, f/p - sky beast
Aim: a sky beast (heavily wounded)
The blast of sand hits the sky beast.
The sky beast is heavily wounded.
b - 48 stones The sky beast hits you.
* * * LOW HITPOINT WARNING * * *
The sky beast shocks you.
You die...

▒·▒ ▒·▒ ▒·▒▒··▒▒ ▒▒·▒ ▒·▒
▒▒·▒▒···▒▒ ▒·[▒
▒·▒▒▒·▒·▒▒▒··▒
▒·▒▒▒▒▒▒▒▒▒▒····▒▒▒····▒·▒
▒·········▒▒▒····▒·▒▒▒▒▒·▒
♣♣▒ ▒··▒▒▒▒▒▒·▒▒P·♣P··▒▒ ▒
♣·▒▒ ▒▒··▒▒▒▒▒▒·▒·P♣♣♣··▒
···▒ ▒··········▒··♣♣P··▒▒
··▒▒▒▒▒···▒▒▒▒▒·@···♣♣····▒
······▒···▒▒▒▒··Y··▒···▒··▒
······)···················▒
····▒·▒)▒·▒▒▒▒·····▒▒▒▒▒▒·▒
····▒·▒·▒·▒ ▒▒·)·▒▒ ▒·▒
····▒·▒·▒·▒ ▒▒·▒▒ ▒▒▒▒▒·▒▒▒
··>···▒<··▒ ▒·▒ ▒(······▒
····▒▒▒▒··▒▒▒▒▒▒·▒
▒·▒▒▒·▒·▒▒▒ ····▒
▒·········▒ ▒·▒▒▒······


You could see a sky beast.

Vanquished Creatures
  A worm (D:2)
  4 leopard geckos
  An orc (D:2)
  A ball python (D:1)
  8 bats
  A giant cockroach (D:2)
  8 goblins
  7 hobgoblins
  2 jackals (D:1)
  3 frilled lizards
  2 kobolds (D:1)
  4 rats
42 creatures vanquished.

Notes
Turn   | Place    | Note
-------+----------+-------------------------------------------
     0 | D:1      | Azzok the Deep Elf Earth Elementalist began the quest for
                  | the Orb.
     0 | D:1      | Reached XP level 1. HP: 10/10 MP: 6/6
   261 | D:1      | Reached XP level 2. HP: 15/15 MP: 5/8
   605 | D:1      | Found a glowing golden altar of the Shining One.
   821 | D:1      | Reached XP level 3. HP: 19/19 MP: 8/10
   826 | D:1      | Learned a level 3 spell: Stone Arrow
  1823 | D:2      | Found a sparkling altar of Nemelex Xobeh.
  1906 | D:2      | Noticed a sky beast
  1907 | D:2      | Reached skill level 1 in Conjurations
  1954 | D:2      | Slain by a sky beast

Levels and vault maps discovered:
D:1:      dpeg_arrival_houses_and_road, layout_loops_ring, tso_metal_star
D:2:      layout_loops_ring, nemelex_xobeh_ov_fountains_minmay, serial_forest,
          infiniplex_forest_diagonal, infiniplex_forest_clump_long,
          infiniplex_forest_corner_1, infiniplex_forest_3_way,
          infiniplex_forest_end_3, infiniplex_forest_clump_small,
          infiniplex_forest_lined_room_2, infiniplex_forest_straight_2

Skill      XL: |  1  2  3 |
---------------+----------+-----
Spellcasting   | 4 |  4.3
Earth Magic    | 4 |  4.2
Conjurations   | 1 |  1.0
Dodging        | |  2.4
Stealth        | |  2.4
Transmutations | |  1.1

Action                   || total
-------------------------++-------
Melee: Unarmed           ||     9
 Cast: Sandblast         ||    41
       Stone Arrow       ||    21
  Eat: Chunk             ||     4
Armor: Robe              ||     4
Dodge: Dodged            ||    16

Table legend:
 A = Non-vault XP
 B = Vault XP
 C = Vault XP percentage of total XP
 D = Non-vault monster count
 E = Vault monster count
 F = Vault count percentage of total count
                 A         B        C        D         E       F
            +---------+---------+-------+---------+---------+-------
      Total |      78 |       0 |   0.0 |      42 |       0 |   0.0
            +---------+---------+-------+---------+---------+-------
        D:1 |      48 |       0 |   0.0 |      26 |       0 |   0.0
        D:2 |      30 |       0 |   0.0 |      16 |       0 |   0.0
            +---------+---------+-------+---------+---------+-------
